 Dungeon Crawl Stone Soup version 0.29-a0-2-g12fcac58f8 (webtiles) character file.

Game seed: 11478123501067907773

585 comborobin the Grappler (level 7, -1/66 HPs)
             Began as a Troll Cinder Acolyte on Jan 27, 2022.
             Was a High Priest of Ignis.
             Succumbed to a water moccasin's poison
             ... on level 6 of the Dungeon.
             The game lasted 00:01:51 (573 turns).

comborobin the Grappler (Troll Cinder Acolyte)       Turns: 573, Time: 00:01:52

Health: -1/66      AC:  4    Str: 23    XL:     7   Next: 14%
Magic:  7/7        EV:  9    Int: 10    God:    Ignis [*****.]
Gold:   27         SH:  0    Dex:  7    Spells: 8/8 levels left

rFire   + . .      SeeInvis .     - Unarmed
rCold   . . .      Faith    .   (no shield)
rNeg    . . .      Spirit   .   a - +0 robe
rPois   .          Reflect  .   (helmet restricted)
rElec   .          Harm     .   (no cloak)
rCorr   .          Rampage  .   (gloves unavailable)
Will    .....                   (boots unavailable)
Stlth   +.........              (no amulet)
HPRegen 1.01/turn               (no ring)
MPRegen 0.10/turn               (no ring)

@: lethally poisoned (-1 -> -19), hasted, very quick
A: large, unfitting armour, claws 3, regeneration 1, shaggy fur 1, tough skin 1
a: Renounce Religion, Fiery Armour, Foxfire Swarm, Rising Flame


You were on level 6 of the Dungeon.
You worshipped Ignis.
Ignis was extremely pleased with you.
You visited 1 branch of the dungeon, and saw 6 of its levels.

You collected 27 gold pieces.

Inventory:

Armour
 a - a +0 robe (worn)
 c - an orb of energy
Wands
 b - a wand of iceblast (5)


   Skills:
 - Level 2.4 Fighting
 + Level 8.3 Unarmed Combat
 - Level 1.0 Spellcasting
 - Level 2.1 Fire Magic


You had 8 spell levels left.
You didn't know any spells.
Your spell library contained the following spells:

 Spells                   Type           Power      Damage    Failure   Level
 Scorch                   Fire           8%         2d5       22%         2


Dungeon Overview and Level Annotations

Branches:
Dungeon (6/15)
 Temple: D:4-7

Altars:
Dithmenos
Kikubaaqudgha


Innate Abilities, Weirdness & Mutations

You are too large for most types of armour.
You have claws for hands.
Your natural rate of healing is unusually fast.
You are covered in fur. (AC +1)
You have tough skin. (AC +1)


Message History

You feel sick. The water moccasin bites you.
You are more poisoned.
The water moccasin poisons you!
You claw the water moccasin! Your claw misses the water moccasin.
The water moccasin is almost dead.
You feel very sick. The water moccasin bites you.
You scratch the water moccasin but do no damage.
The water moccasin is almost dead.
You feel very sick. The water moccasin closely misses you.
The water moccasin bites you.
You miss the water moccasin.
The water moccasin is almost dead.
You feel sick. The water moccasin bites you.
You miss the water moccasin.
The water moccasin is almost dead.
You feel very sick. The water moccasin bites you.
You are more poisoned.
The water moccasin poisons you!
You barely miss the water moccasin.
The water moccasin is almost dead.
You feel very sick. The water moccasin bites you.
You scratch the water moccasin but do no damage.
The water moccasin is almost dead.
You feel very sick. The water moccasin bites you!
* * * LOW HITPOINT WARNING * * *
You are lethally poisoned!
The water moccasin poisons you!
It was a potion of haste.
You feel yourself speed up.
* * * LOW HITPOINT WARNING * * *
You feel extremely sick. The water moccasin bites you.
* * * LOW HITPOINT WARNING * * *
The water moccasin bites you but does no damage.
You barely miss the water moccasin.
The water moccasin is almost dead.
You die...

... .... ##+##....
#..>.....
##########........
#+###.................
......................
..............@S......
......................
....##'##+#######....
.. +..<....... ...
#.......... ..
#..........
#...##...##. +...#
#### ##..#


You could see a water moccasin.

Vanquished Creatures
  Menkaure (D:5)
  A black bear (D:3)
  A sky beast (D:5)
  2 ogres (D:5)
  A phantom (D:5)
  An adder (D:2)
  An adder zombie (D:5)
  A worm (D:4)
  An orc (D:5)
  3 ball pythons (D:1)
  2 endoplasms
  A giant cockroach (D:3)
  4 goblins
  2 jackals (D:3)
  3 kobolds
  A quokka (D:3)
  A frilled lizard (D:1)
  2 rats (D:1)
29 creatures vanquished.

Vanquished Creatures (others)
  7 fungi (D:3)
7 creatures vanquished.

Grand Total: 36 creatures vanquished

Notes
Turn   | Place    | Note
-------+----------+-------------------------------------------
     0 | D:1      | comborobin the Troll Cinder Acolyte began the quest for the
                  | Orb.
     0 | D:1      | Reached XP level 1. HP: 22/22 MP: 1/1
    76 | D:1      | Reached XP level 2. HP: 21/29 MP: 2/2
   132 | D:2      | Reached skill level 4 in Unarmed Combat
   153 | D:3      | Noticed a black bear
   166 | D:3      | Killed a black bear
   167 | D:3      | Reached skill level 5 in Unarmed Combat
   167 | D:3      | Reached XP level 3. HP: 27/36 MP: 3/3
   167 | D:3      | Reached XP level 4. HP: 33/44 MP: 4/4
   184 | D:3      | Found a shadowy altar of Dithmenos.
   184 | D:3      | Found an ancient bone altar of Kikubaaqudgha.
   263 | D:4      | Noticed a yak
   263 | D:4      | Noticed a yak
   266 | D:4      | Noticed a yak
   267 | D:4      | Noticed a yak
   285 | D:3      | You fall into a shaft and drop 1 floor!
   331 | D:5      | Entered Level 5 of the Dungeon
   351 | D:5      | Noticed a sky beast
   387 | D:5      | Noticed Menkaure
   394 | D:5      | Killed a sky beast
   395 | D:5      | Reached skill level 6 in Unarmed Combat
   395 | D:5      | Reached XP level 5. HP: 30/50 MP: 5/5
   396 | D:5      | Killed Menkaure
   397 | D:5      | Reached skill level 7 in Unarmed Combat
   397 | D:5      | Reached XP level 6. HP: 27/59 MP: 6/6
   519 | D:5      | Reached skill level 8 in Unarmed Combat
   542 | D:5      | Reached XP level 7. HP: 66/66 MP: 7/7
   572 | D:6      | HP: 2/66 [water moccasin (5)]
   573 | D:6      | Succumbed to a water moccasin's poison

Illustrated notes

Levels and vault maps discovered:
D:1:      dpeg_arrival_simpleton_a, layout_basic,
          chequers_ecumenical_altar_twisty, minmay_worlds_worst_comb
D:2:      layout_basic, corexii_item_surrounded_by_moat
D:3:      layout_loops_ring, mainiacjoe_overflow_cross_hatched,
          amethyst_overflow_temple_binary, uniq_grinder, uniq_crazy_yiuf_cottage
D:4:      layout_basic
D:5:      layout_cave_pods, serial_co_window_serial, co_window_corner_a,
          co_window_of_opportunity_a, co_window_corner_a, co_window_paths_a,
          co_window_paths_a, co_window_paths_c, co_window_cross_3,
          co_window_unsneaky_path_a, co_window_2corner,
          co_window_unsneaky_path_a, co_window_unsneaky_path_c, uniq_menkaure
D:6:      layout_gridville, serial_shops, shop, uniq_maggie

Skill      XL: |  1  2  3  4  5  6 |
---------------+-------------------+-----
Unarmed Combat | 5 6 7 8 |  8.3
Fighting       | |  2.4
Spellcasting   | |  1.0
Fire Magic     | |  2.1

Action                   |  1- 3 |  4- 6 |  7- 9 || total
-------------------------+-------+-------+-------++-------
Melee: Unarmed           |    31 |    46 |    17 ||    94
       Punch             |       |     1 |     1 ||     2
Invok: Fiery Armour      |       |     1 |       ||     1
Evoke: Wand              |       |     2 |       ||     2
  Use: Potion            |       |       |     1 ||     1
Armor: Robe              |    15 |    18 |     5 ||    38
Dodge: Dodged            |    24 |    14 |     4 ||    42

Table legend: (Time is in decaauts)
 A = Elapsed time spent in this place.
 B = Non-inter-level travel time spent in this place.
 C = Inter-level travel time spent in this place.
 D = Time resting spent in this place.
 E = Time spent auto-exploring this place.
 F = Levels seen in this place.
 G = Mean time per level.
                   A        B        C        D        E       F      G
               +--------+--------+--------+--------+--------+-----+--------+
         Total |    563 |    563 |      0 |      0 |    266 |   6 |   93.8 |
       Dungeon |    563 |    563 |      0 |      0 |    266 |   6 |   93.8 |
               +--------+--------+--------+--------+--------+-----+--------+

Top non-repeatable levels by time:
     D:5: 210 daAuts
     D:3: 142 daAuts
     D:1: 117 daAuts
     D:4: 50 daAuts
     D:6: 25 daAuts
     D:2: 17 daAuts
